 Dungeon Crawl Stone Soup version 0.31.0-11-ge490571c62 (webtiles) character file.

Game seed: 1457914573584469117

296 hawla the Conjurer (level 6, 0/32 HPs)
             Began as a Deep Elf Fire Elementalist on Jan 31, 2024.
             Slain by an ogre
             ... wielding a +0 giant club
              (23 damage)
             ... on level 3 of the Dungeon.
             The game lasted 00:07:32 (2704 turns).

hawla the Conjurer (Deep Elf Fire Elementalist)     Turns: 2704, Time: 00:07:33

Health: 0/32       AC:  4    Str:  5    XL:     6   Next: 12%
Magic:  8/14       EV: 12    Int: 28    God:
Gold:   175        SH:  0    Dex: 15    Spells: 2/13 levels left

rFire   . . .        k - staff of cold
rCold   + . .        (no shield)
rNeg    . . .        a - +1 robe
rPois   .            o - +0 helmet
rElec   .            (no cloak)
rCorr   .            (no gloves)
SInv    .            (no boots)
Will    .....        (no amulet)
Stlth   ++           i - +6 ring of intelligence
HPRegen 0.25/turn    (no ring)
MPRegen 0.14/turn

%: no passive effects
@: no status effects
A: no striking features
a: no special abilities


You were on level 3 of the Dungeon.
You visited 1 branch of the dungeon, and saw 3 of its levels.

You collected 175 gold pieces.

Inventory:

Hand Weapons
 g - a +0 quarterstaff
Armour
 a - a +1 robe (worn)
 o - a +0 helmet (worn)
Magical Staves
 k - a staff of cold (weapon)
Jewellery
 i - a +6 ring of intelligence (left hand)
 j - a ring of ice
 l - a ring of ice
Wands
 d - a wand of paralysis (7) (quivered)
Scrolls
 n - a scroll of identify
Potions
 b - a potion of magic
 c - a potion of brilliance {unknown}
 e - 2 potions of berserk rage
 f - 2 potions of heal wounds
 h - a potion of lignification
 m - a potion of curing


   Skills:
 - Level 2.4 Dodging
 - Level 2.4 Stealth
 + Level 4.4 Spellcasting
 - Level 5.0 Conjurations
 - Level 5.0 Fire Magic


You had 2 spell levels left.
You knew the following spells:

 Your Spells              Type           Power      Damage    Failure   Level
a - Foxfire               Conj/Fire      100%       2x1d9     1%          1
b - Scorch                Fire           68%        2d7       1%          2
c - Flame Wave            Conj/Fire      34%        2d10      9%          4
d - Airstrike             Air            3%         2d(1-17)  56%         4

Your spell library contained the following spells:

 Spells                   Type           Power      Damage    Failure   Level
 Shock                    Conj/Air       80%        1d8       2%          1
 Freeze                   Ice            36%        1d5       7%          1
 Slow                     Hex            24%        N/A       7%          1
 Cigotuvi's Dreadful Rot  Necr/Alch/Air  12%        N/A       11%         2
 Lesser Beckoning         Tloc           12%        N/A       11%         2
 Sublimation of Blood     Necr           6%         N/A       11%         2
 Hailstorm                Conj/Ice       30%        3d8       8%          3
 Inner Flame              Hex/Fire       20%        N/A       8%          3
 Volatile Blastmotes      Fire/Tloc      40%        2d13      8%          3
 Confusing Touch          Hex            6%         N/A       22%         3
 Frozen Ramparts          Ice            18%        1d3       22%         3
 Gell's Gravitas          Tloc           6%         N/A       22%         3
 Sigil of Binding         Hex            6%         N/A       22%         3
 Swiftness                Air            6%         N/A       22%         3
 Teleport Other           Tloc           6%         N/A       22%         3
 Vampiric Draining        Necr           6%         2d6       22%         3
 Dispel Undead            Necr           6%         3d8       56%         4
 Martyr's Knell           Necr/Summ      6%         N/A       56%         4
 Petrify                  Alch/Erth      6%         N/A       56%         4
 Irradiate                Conj/Alch      10%        3d15      56%         5
 Death Channel            Necr           3%         N/A       100%        6


Dungeon Overview and Level Annotations

Branches:
Dungeon (3/15)

Altars:
Ashenzari
Hepliaklqana

Shops:
D:3 (


Message History

You see here a -3 club.
Found a stone staircase leading down.
n - a scroll of identify You open the door.
There is an open door here.
You pick up a book of Decay and begin reading...
You add the spells Cigotuvi's Dreadful Rot, Dispel Undead, Martyr's Knell and Death Channel to your library.
An ogre comes into view. It is wielding a +0 giant club.
An ogre is nearby!
Found 16 gold pieces.
A bat comes into view.
The ogre shouts!
The bat barely misses you.
Casting: Foxfire (safe; 1% risk of failure)
Confirm with . or Enter, or press ? or * to list all spells.
You conjure some foxfire!
The bat hits you but does no damage.
Casting: Foxfire (safe; 1% risk of failure)
Confirm with . or Enter, or press ? or * to list all spells.
Flames lash the bat.
You kill the bat!
The foxfire hits the ogre.
The ogre is moderately wounded.
The foxfire hits the ogre.
The ogre is moderately wounded.
The ogre hits you with a +0 giant club!
Casting: Scorch (safe; 1% risk of failure)
Confirm with . or Enter, or press ? or * to list all spells.
You conjure some foxfire!
Casting: Foxfire (safe; 1% risk of failure)
Confirm with . or Enter, or press ? or * to list all spells.
Flames lash the ogre.
The ogre is severely wounded.
The ogre's fire resistance burns away.
The foxfire hits the ogre.
The ogre is burned terribly!
The ogre is severely wounded.
The foxfire hits the ogre.
The ogre is almost dead.
The ogre hits you with a +0 giant club!!
Ouch! That really hurt!
You die...

#......# #.#.#
#.##### #.#
########
#...####.....#
#.#
##....##.....#
#.'
##.#.##.....#
#.~
#.#...>....#
#..
#.####.....#
#~P
###.####.....#
#.~
#§§..$.......#
#.P
#@..........##
#~.
#O..........#
#.P
............#
.†......#+####
.........#
..........#
.............
#.............


You could see an ogre (combustible).

Vanquished Creatures
  Sigmund (D:2)
  Terence (D:2)
  Robin (D:2)
  2 adders (D:2)
  2 dart slugs
  An orc (D:3)
  5 bats
  5 endoplasms
  4 giant cockroaches
  6 hobgoblins
  3 jackals (D:1)
  7 kobolds
  5 quokkas
  3 ball pythons
  5 frilled lizards
  18 goblins
  4 rats
73 creatures vanquished.

Vanquished Creatures (collateral kills)
  A foxfire (D:3)
1 creature vanquished.

Vanquished Creatures (others)
  133 foxfires
133 creatures vanquished.

Grand Total: 207 creatures vanquished

Notes
Turn   | Place    | Note
-------+----------+-------------------------------------------
     0 | D:1      | hawla the Deep Elf Fire Elementalist began the quest for
                  | the Orb.
     0 | D:1      | Reached XP level 1. HP: 10/10 MP: 6/6
   250 | D:1      | Reached XP level 2. HP: 15/15 MP: 6/8
   253 | D:1      | Learned a level 2 spell: Scorch
   965 | D:1      | Reached XP level 3. HP: 19/19 MP: 5/9
  1215 | D:2      | Noticed Sigmund
  1222 | D:2      | Killed Sigmund
  1223 | D:2      | Reached skill level 5 in Conjurations
  1223 | D:2      | Reached XP level 4. HP: 24/24 MP: 0/10
  1223 | D:2      | Reached XP level 5. HP: 28/28 MP: 0/11
  1228 | D:2      | Learned a level 4 spell: Flame Wave
  1561 | D:2      | Reached skill level 5 in Fire Magic
  1643 | D:2      | Noticed Robin
  1649 | D:2      | Killed Robin
  1655 | D:2      | Identified the +1 dagger "Qirresax" {holy, Str-4 Dex+2
                  | Stlth+}
  1924 | D:2      | Noticed Terence
  1930 | D:2      | Killed Terence
  1931 | D:2      | Reached XP level 6. HP: 29/32 MP: 2/14
  1937 | D:2      | Learned a level 4 spell: Airstrike
  2050 | D:2      | Found a faded altar of an unknown god.
  2318 | D:3      | Paralysed by a kobold for 5 turns
  2496 | D:3      | Found a hazy altar of Hepliaklqana.
  2497 | D:3      | Found a broken altar of Ashenzari.
  2628 | D:3      | Found Ankogiss's Weapon Boutique.
  2704 | D:3      | Slain by an ogre

Illustrated notes

Levels and vault maps discovered:
D:1:      amcnicky_arrival_underground_garden, layout_loops_corners,
          minmay_split_cup_large
D:2:      layout_rooms, shapermc_ecumenical_altar_petra, uniq_terence,
          uniq_sigmund, uniq_robin
D:3:      layout_basic, jmf_multi_god_temple, serial_shops,
          nicolae_shop_scrapyard, serial_bayou_lagoon_a, st_stairs_2

Skill      XL: |  1  2  3  4  5 |
---------------+----------------+-----
Conjurations   | 2 3 5 |  5.0
Fire Magic     | 4 5 |  5.0
Spellcasting   | 4 |  4.4
Dodging        | |  2.4
Stealth        | |  2.4

Action                     |  1- 3 |  4- 6 || total
---------------------------+-------+-------++-------
  Melee: Unarmed           |     8 |       ||     8
         Quarterstaff      |       |     5 ||     5
   Cast: Foxfire           |    39 |    37 ||    76
         Scorch            |     3 |    14 ||    17
         Flame Wave        |       |     2 ||     2
    Use: Scroll            |     7 |     5 ||    12
 Armour: Robe              |    14 |    24 ||    38
  Dodge: Dodged            |    16 |    18 ||    34
